[Event "Italian-ch Teams-B 2022"]
[Site "Montesilvano"]
[Date "2022.04.21"]
[Round "4.1"]
[White "Dardha, Daniel"]
[Black "Moroni, Luca Jr"]
[Result "1/2-1/2"]
[ECO "D33"]
[WhiteElo "2541"]
[BlackElo "2588"]
[Annotator "TA"]
[PlyCount "156"]
[EventDate "2022.04.19"]
[EventType "team-tourn"]
[EventCountry "ITA"]
[SourceTitle "playchess.com"]
[Source "ChessBase"]
[SourceQuality "1"]
[TimeControl "40/5400+30:1800+30"]

1. d4 d5 2. c4 e6 3. Nc3 c5 4. cxd5 exd5 5. Nf3 Nf6 6. g3 Nc6 7. Bg2 cxd4 8. Nxd4 Bc5 9. Nb3 Bb6 10. O-O d4 11. Na4 O-O 12. Bg5 Re8 13. Re1 h6 14. Bxf6 Qxf6 15. Nxb6 axb6 16. Bxc6 bxc6 17. Qxd4 Qd8 18. a3 Ba6 19. Qc3 c5 20. Rad1 Qc7 21. e4 (21. Nc1 $14) 21... Rad8 $11 22. f3 Rd7 23. Rxd7 Qxd7 24. Nd2 Rd8 25. Nc4 Qe6 26. Ne3 Rd3 27. Qc2 Qf6 28. Kg2 (28. Qf2 $11) 28... Qd4 $1 $17 29. Nf1 Bc4 30. Rc1 Be6 31. Qe2 Bb3 $1 32. Qf2 Bd1 33. Qxd4 Bxf3+ 34. Kf2 cxd4 35. Rc4 b5 36. Rb4 (36. Rc5 $15) 36... Bg4 $1 $17 ({Don't take} 36... Bxe4 37. Ke2 $14) 37. h3 Bxh3 38. Ke2 Bxf1+ 39. Kxf1 Rxg3 40. Rxb5 Re3 41. Kf2 (41. e5 $17) 41... Rxe4 $19 42. b4 (42. Rb8+ {was worth a try.} Kh7 43. Rd8) 42... g5 $19 43. Rd5 {[%emt 0:01:58] [#]} Re3 $1 44. a4 Ra3 45. a5 Ra4 46. Rxd4 Kg7 47. Rd2 $2 (47. Rg4) 47... Rxb4 $19 48. Ra2 {[%emt 0:00:03] [#]} Rb7 $1 49. a6 Ra7 50. Kf3 Kg6 51. Ra5 h5 52. Kg3 h4+ 53. Kg4 f6 54. Ra3 f5+ 55. Kf3 h3 $2 (55... Kh6 $19 56. Ra1 Kh5) 56. Kg3 $11 g4 57. Ra2 Kg5 58. Ra5 Kg6 59. Ra2 Kf6 (59... Ra8 $5 60. a7 Kg5 $11) 60. Ra1 Kf7 61. Ra5 Kf6 62. Ra1 Kg5 63. Ra5 Rc7 (63... Ra8 $5 64. a7 Kf6 $11) 64. a7 Rc3+ 65. Kh2 Rc2+ 66. Kg1 $1 ({Avoid the trap} 66. Kh1 $2 Rc1+ 67. Kh2 Kh4 $19) 66... g3 67. Ra1 h2+ 68. Kh1 Rc8 69. a8=Q Rxa8 70. Rxa8 f4 71. Rf8 Kg4 $1 72. Rf7 Kf3 73. Rb7 $1 Kf2 74. Rb2+ Kf3 75. Rb3+ $1 Kg4 76. Rb4 Kh3 77. Rb2 f3 78. Rxh2+ $1 gxh2 1/2-1/2

[Event "Italian-ch Teams-B 2022"]
[Site "Montesilvano"]
[Date "2022.04.21"]
[Round "4.1"]
[White "Rombaldoni, Denis"]
[Black "Caprio, Guido"]
[Result "0-1"]
[ECO "D05"]
[WhiteElo "2485"]
[BlackElo "2426"]
[Annotator "TA"]
[PlyCount "52"]
[EventDate "2022.04.19"]
[EventType "team-tourn"]
[EventCountry "ITA"]
[SourceTitle "playchess.com"]
[Source "ChessBase"]
[SourceQuality "1"]
[TimeControl "40/5400+30:1800+30"]

1. d4 d5 2. Nf3 Nf6 3. e3 e6 4. Bd3 c5 5. b3 Nc6 6. O-O Bd6 7. Bb2 cxd4 {[%emt 0:00:07] D05: Colle System with ...e6.} 8. exd4 b6 9. Nbd2 Bb7 {[%emt 0:00:06] The position is equal.} 10. Ne5 O-O 11. a3 Ne7 12. Qe2 Rc8 {[%emt 0:02:07] [#]} 13. h4 $146 ({Predecessor:} 13. Rfe1 Ng6 14. g3 Qe7 15. f3 Rc7 16. Nf1 Rfc8 17. Ne3 Bxe5 18. dxe5 Nd7 19. f4 Nc5 20. Bd4 Nxd3 {½-½ (20) Tomashevsky,E (2702)-Schroeder,J (2552) Germany 2018}) 13... Nf5 14. h5 Ne4 15. Ndf3 $2 {[%emt 0:37:13] Inhibits Qh4.} (15. Nxe4 $11 dxe4 16. Bxe4 Bxe4 17. Qxe4) 15... Qe7 (15... f6 16. Nc4 $17) 16. c4 (16. g4 $2 Nh6 17. a4 f5 $19) 16... f6 17. Ng4 Qf7 {[%emt 0:09:42] &Nero is more active.} 18. Bxe4 dxe4 19. Nd2 {[%emt 0:00:07] [#]} Ne7 $1 20. h6 (20. Rad1 $17) 20... Ng6 {[%emt 0:03:57] aiming for ...Nf4.} 21. f3 $2 (21. Nxe4 Bxe4 22. hxg7 (22. Qxe4 $2 f5 $19) 22... Kxg7 23. Qxe4) 21... f5 $2 (21... Nf4 22. Qe3 Qh5 23. Nxe4 Bxe4 24. hxg7 {[#]} (24. Qxe4 $2 f5 $19) 24... Kxg7 $1 25. fxe4 (25. Qxe4 $2 f5 $19) 25... Qxg4) 22. fxe4 $19 Nf4 $36 {[%emt 0:00:08][%mdl 2112] Deflection. Black is really pushing.} 23. Qe3 (23. Rxf4 Bxf4 24. Rf1) 23... fxg4 24. hxg7 Qxg7 {[%emt 0:00:36] ( -> ...Qh6)} 25. c5 {[%emt 0:00:47] [#]} Qh6 $1 26. Nc4 {[%emt 0:00:27] [#]} (26. cxd6 Nh3+) 26... Ne2+ $1 {[%emt 0:14:01][%mdl 512] Weighted Error Value: White=1.05/Black=0.19 (very precise)} 0-1

[Event "Italian-ch Teams-B 2022"]
[Site "Montesilvano"]
[Date "2022.04.21"]
[Round "4.1"]
[White "Drasko, Milan"]
[Black "Kaczur, Florian"]
[Result "0-1"]
[ECO "A43"]
[WhiteElo "2398"]
[BlackElo "2481"]
[Annotator "TA"]
[PlyCount "96"]
[EventDate "2022.04.19"]
[EventType "team-tourn"]
[EventCountry "ITA"]
[SourceTitle "playchess.com"]
[Source "ChessBase"]
[SourceQuality "1"]
[TimeControl "40/5400+30:1800+30"]

1. Nf3 g6 2. g3 Bg7 3. d4 c5 4. d5 b5 5. Bg2 d6 6. O-O Nf6 7. Re1 O-O {[%emt 0:01:13] A43: Schmid Benoni.} 8. e4 Bb7 9. c4 bxc4 {[%emt 0:07:44] The position is equal.} 10. Nfd2 Ba6 11. Na3 Nbd7 12. Naxc4 Nb6 {[%emt 0:03:28] [#]} 13. Qc2 $146 ({Predecessor:} 13. Na5 Qc7 14. Ndb3 Nfd7 15. Nc6 Ne5 16. Nxe5 Bxe5 17. Qc2 Rab8 18. Bh6 Rfe8 19. Nd2 {1-0 (46) Soldano,G-Neusch,J ICCF email 2009}) 13... Rb8 14. Bf1 Nxc4 15. Bxc4 (15. Nxc4 $11 Qc8 16. Rb1) 15... Qc8 $15 16. Qd3 Bxc4 17. Nxc4 Qh3 18. f3 {[%emt 0:03:13] Prevents Ng4.} Nd7 19. Rb1 Ne5 20. Nxe5 Bxe5 21. Qf1 (21. b3 $11) 21... Bd4+ $1 $40 {[%emt 0:02:26][%mdl 128] Black has strong attack.} 22. Kh1 {[%emt 0:00:01] [#]} Qxf1+ 23. Rxf1 Rb6 {[%emt 0:00:06] &Nero is more active.} 24. Bh6 {[%emt 0:01:42] Now White is beyond hope.} (24. b3 $17 {was necessary.}) 24... Rfb8 $19 25. b3 {[%emt 0:00:23] [#]} Ra6 $1 26. Rfd1 Rxa2 27. b4 Rb6 28. bxc5 Bxc5 29. Rxb6 axb6 {[%emt 0:00:25][%mdl 4096] Endgame KRB-KRB} ({And not} 29... Bxb6 30. Rc1 Bc5 31. Rb1 $11) 30. f4 (30. Rd2 $142 Rxd2 31. Bxd2) 30... f6 31. e5 Kf7 (31... fxe5 $2 32. fxe5 dxe5 33. Rf1 $19) 32. e6+ Ke8 {[%emt 0:00:01] aiming for ...b5.} 33. f5 (33. Rb1 $17) 33... gxf5 34. Rb1 Kd8 35. Bf8 (35. h3 {is a better defense.}) 35... Be3 ({Not} 35... Rd2 $2 36. Ra1 Rxd5 37. Ra8+ Kc7 38. Ra7+ Kc6 39. Rxe7 $19) (35... Ra5 $142 {And now ...b5 would win.} 36. Bh6 b5) 36. Rb4 $2 (36. Rb3 {was forced.} Bc5 37. Rb1) 36... Ke8 37. Bg7 f4 38. gxf4 (38. Rc4 $142 Kd8 39. gxf4) 38... Ra1+ 39. Kg2 Bc5 40. Rb2 Rg1+ 41. Kf3 {[%emt 0:30:08][%cal Ob2a2] Strongly threatening Ra2!} Rxg7 {[%emt 0:30:24] KRB-KR} 42. Ra2 Kd8 {[%emt 0:00:04] Threatens to win with ...b5.} 43. Ra8+ Kc7 {[%emt 0:00:02] Hoping for ...b5.} 44. Ra7+ Kb8 45. Rd7 b5 {[%emt 0:03:59] ( -> ...b4)} 46. Ke4 Kc8 {[%emt 0:00:19] Black mates.} 47. Kd3 f5 48. Kc3 h5 {[%emt 0:00:00] Weighted Error Value: White=0.64/Black=0.11 (very precise)} 0-1

[Event "Italian-ch Teams-B 2022"]
[Site "Montesilvano"]
[Date "2022.04.21"]
[Round "4.1"]
[White "Lazic, Miroljub"]
[Black "Fier, Alexandr"]
[Result "1/2-1/2"]
[ECO "C00"]
[WhiteElo "2322"]
[BlackElo "2583"]
[Annotator "TA"]
[PlyCount "40"]
[EventDate "2022.04.19"]
[EventType "team-tourn"]
[EventCountry "ITA"]
[SourceTitle "playchess.com"]
[Source "ChessBase"]
[SourceQuality "1"]
[TimeControl "40/5400+30:1800+30"]

1. Nf3 d5 2. g3 Nf6 3. Bg2 e6 4. O-O Be7 5. d3 c5 6. Nbd2 Nc6 7. e4 O-O 8. Re1 Qc7 9. Qe2 b5 {[%emt 0:00:04] C00: French: Unusual White 2nd moves.} 10. Nf1 d4 11. e5 Nd5 12. h4 {[%emt 0:00:05] [#]} Bd7 $146 ({Predecessor:} 12... Bb7 13. N1h2 Rfd8 14. Ng4 Rac8 15. Ng5 h6 16. Nxf7 Kxf7 17. Nxh6+ Ke8 18. Qh5+ Kd7 19. Bxd5 gxh6 20. Bxe6+ Kxe6 21. Qg6+ Kd7 22. e6+ {1-0 (22) Boros,D (2462)-Ryzhkov,V (2144) Erice 2015}) 13. Bg5 f6 (13... Rab8 $11) 14. exf6 $14 gxf6 15. Bh6 {[%emt 0:01:59][%cal Of3d4] [#] Nxd4! is the strong threat.} Rf7 16. N3d2 f5 17. Bxd5 exd5 18. Bf4 ({White should play} 18. Nf3 $1 $14) 18... Bd6 $11 19. Bxd6 Qxd6 20. f4 Re8 {[%emt 0:06:06] Weighted Error Value: White=0.18 (very precise) /Black=0.22 (precise)} 1/2-1/2

[Event "Italian-ch Teams-B 2022"]
[Site "Montesilvano"]
[Date "2022.04.21"]
[Round "4.2"]
[White "Genocchio, Daniele"]
[Black "Shytaj, Luca"]
[Result "1/2-1/2"]
[ECO "B31"]
[WhiteElo "2358"]
[BlackElo "2460"]
[Annotator "TA"]
[PlyCount "49"]
[EventDate "2022.04.19"]
[EventType "team-tourn"]
[EventCountry "ITA"]
[SourceTitle "playchess.com"]
[Source "ChessBase"]
[SourceQuality "1"]
[TimeControl "40/5400+30:1800+30"]

1. e4 c5 2. Nf3 Nc6 3. Bb5 g6 4. O-O Bg7 5. Re1 Nf6 6. e5 Nd5 7. Nc3 Nc7 8. Bxc6 dxc6 9. Ne4 Ne6 10. d3 O-O 11. h3 Qc7 12. Neg5 {[%emt 0:21:25] B31: Sicilian: 2...Nc6 3 Bb5 g6.} Rd8 {[%emt 0:05:53][%cal Oc5c4] [#]} 13. b3 $146 ({Predecessor:} 13. Nxe6 Bxe6 14. Qe2 h6 15. b3 Rd7 16. Bb2 Rad8 17. Qe3 Rd5 18. a4 Bf5 19. Nh4 Bc8 {0-1 (35) Spangenberg,H (2220)-Valiente,C (2370) Buenos Aires 1991}) 13... b6 14. a4 {[%emt 0:10:58] White is slightly better.} a5 15. Qe2 Ra7 16. Qe4 Nxg5 17. Bxg5 h6 18. Bd2 {[%emt 0:01:08] &Bianco is more active.} Bf5 19. Qh4 g5 20. Qg3 Rd5 21. Re2 Qd7 22. Bc3 Qe6 {[%emt 0:00:00] [#]} 23. h4 (23. Nd2 $142 $1) 23... g4 $16 24. Nd2 b5 {[%emt 0:00:00] Against Nc4} (24... h5 $1 $14) 25. Nf1 {[%emt 0:00:30] Weighted Error Value: White=0.16 (very precise) /Black=0.27 (precise)} 1/2-1/2

[Event "Italian-ch Teams-B 2022"]
[Site "Montesilvano"]
[Date "2022.04.21"]
[Round "4.2"]
[White "Sibilio, Mario"]
[Black "Paltrinieri, Nicholas"]
[Result "1-0"]
[ECO "B06"]
[WhiteElo "2292"]
[BlackElo "2344"]
[Annotator "TA"]
[PlyCount "67"]
[EventDate "2022.04.19"]
[EventType "team-tourn"]
[EventCountry "ITA"]
[SourceTitle "playchess.com"]
[Source "ChessBase"]
[SourceQuality "1"]
[TimeControl "40/5400+30:1800+30"]

1. Nf3 g6 2. e4 Bg7 3. d4 d6 4. h3 Nd7 5. c4 e5 6. d5 {[%emt 0:02:21] B06: Modern Defence.} Ne7 7. Nc3 a5 8. g4 {[%emt 0:09:58] White is slightly better.} Nc5 9. Be3 {[%emt 0:05:30] [#]} c6 $146 ({Predecessor:} 9... O-O 10. g5 f5 11. gxf6 Bxf6 12. Be2 Bg7 13. Qd2 Kh8 14. O-O-O Ng8 15. Rdg1 Qe8 {0-1 (50) Smit,E-Mellegers,J Hengelo 1994}) 10. dxc6 Nxc6 11. Qd2 Nb4 12. Rd1 {[%emt 0:17:30] Threatens to win with Bxc5.} Be6 13. Be2 h5 (13... Qe7 $142) 14. gxh5 Rxh5 15. Ng5 $1 Rh8 (15... Rh4 $142 16. Nb5 Ke7) 16. Nb5 $1 $18 Ke7 17. Nxd6 $2 (17. O-O $18) 17... Ncd3+ $14 18. Bxd3 Qxd6 19. Nxe6 Kxe6 20. Qc3 {[%emt 0:02:54] Hoping for Be2.} Rad8 $2 {[%emt 0:03:38] This costs Black the game.} (20... Nxd3+ $14 21. Qxd3 (21. Rxd3 Qb4 $16) 21... Qxd3 22. Rxd3 Bh6) 21. Be2 $18 Qc6 {[%emt 0:00:13] [#]} 22. Rd5 Qa4 (22... Ke7 23. Bc5+) 23. O-O {[%emt 0:02:55] f4 is the strong threat.} Qc2 {[%emt 0:03:38] [#]} (23... Nxd5 $2 24. cxd5+ (24. exd5+ Kd7 $16) 24... Ke7 25. Qc5+ Rd6 26. Bb5 Qxe4 27. Qc7+ Kf8 28. Qc8+ Ke7 29. Qc7+ Kf8 30. Qc8+ Ke7 31. Bg5+ f6 32. Qc7+ Kf8 33. Qxd6+ $18) 24. Qxc2 {[%emt 0:01:10] Really sharp!} (24. Rxa5 $2 Qxe2 25. Bg5 {[#]} (25. Qxb4 $2 Rxh3 26. Qb6+ Rd6 $19) 25... Qxe4 $1 $19) 24... Nxc2 25. Bb6 Nd4 (25... Rdf8 $142 26. Rfd1 (26. Bxa5 Nd4 $18) 26... Nd4) 26. Bg4+ ({Weaker is} 26. Bxd8 Nxe2+ 27. Kh2 Nf4 $16) 26... f5 $2 (26... Ke7 {might work better.} 27. Bxd8+ Rxd8 28. Rxa5 f5) 27. Rxd8 {[%emt 0:00:30] White is clearly winning.} fxg4 28. Rxh8 Bxh8 29. hxg4 {[%emt 0:00:34] KRB-KBN} Ne2+ 30. Kg2 a4 31. Rh1 Bf6 32. Kf3 Nf4 33. Rd1 Be7 34. Be3 {[%emt 0:00:00] Weighted Error Value: White=0.25 (precise) /Black=0.56} 1-0

[Event "Italian-ch Teams-B 2022"]
[Site "Montesilvano"]
[Date "2022.04.21"]
[Round "4.3"]
[White "D'Amore, Carlo"]
[Black "Quinn, Mark"]
[Result "1/2-1/2"]
[ECO "A81"]
[WhiteElo "2406"]
[BlackElo "2365"]
[Annotator "TA"]
[PlyCount "157"]
[EventDate "2022.04.19"]
[EventType "team-tourn"]
[EventCountry "ITA"]
[SourceTitle "playchess.com"]
[Source "ChessBase"]
[SourceQuality "1"]
[TimeControl "40/5400+30:1800+30"]

1. Nf3 f5 2. d4 Nf6 3. g3 g6 4. c3 Bg7 5. Qb3 c6 6. Bg2 Qb6 7. Qc2 a5 8. Nbd2 d5 9. c4 Na6 10. a3 O-O 11. O-O Kh8 (11... Ne4 $11) 12. b3 Ne4 13. e3 Be6 14. Bb2 Qd8 15. Rad1 Nxd2 16. Rxd2 a4 17. Ng5 Bg8 18. cxd5 Bxd5 19. Bxd5 Qxd5 20. Qc4 Nc7 ({Don't do} 20... axb3 21. Qxd5 cxd5 22. Rd3 $16) 21. Qxd5 Nxd5 22. Ne6 Rf6 23. Nc5 $1 axb3 24. Nxb7 Nb6 (24... Rff8 $14) 25. Rc1 $16 Na4 26. Nc5 Nxc5 27. Rxc5 Rd6 28. f4 {[%emt 0:03:38] Against e5} Kg8 29. Rd3 Rb8 30. Kf2 Kf7 31. Rcc3 Rb6 32. Rxb3 (32. Ke2 $16) 32... Rxb3 (32... c5 $1 $14) 33. Rxb3 $16 c5 34. a4 cxd4 35. Bxd4 Bxd4 36. exd4 Ra6 $2 (36... Rxd4 $16 {was necessary.} 37. Ra3 (37. a5 Ra4 $11) 37... Ke6) 37. Ra3 $1 $18 Ke6 38. Ke3 Kd5 39. Kd3 $1 h6 (39... Ra5 $142 40. Kc3 Kd6) 40. a5 $18 g5 (40... h5 $142 41. Ra2 e6) 41. Ra1 gxf4 42. gxf4 h5 43. Ra2 h4 44. Ra1 h3 $2 (44... Kc6 45. Rc1+ Kb7) 45. Ra2 $18 (45. Re1 Kd6 $18) 45... Kc6 46. Kc4 e6 47. Ra3 Kc7 48. Kb5 Rd6 49. Ra4 Kb7 50. a6+ Ka7 {[%emt 0:00:00] [#]} 51. Kc5 $1 Rd5+ 52. Kc4 Rd8 (52... Rd6 $142 53. Ra3 Rc6+ 54. Kb5 Rd6) 53. Ra3 $18 Rc8+ (53... Rd6 $142 54. Rxh3 Kxa6) 54. Kb5 $18 Rb8+ 55. Kc6 Rd8 56. Kc5 $2 (56. Rxh3 Rxd4 57. Rf3) 56... Rd5+ $18 57. Kc4 Rd6 58. Rxh3 Rxa6 $2 (58... Kxa6 59. Rh8 Rc6+ 60. Kd3 Rc1) 59. Re3 {[%emt 0:05:00] Strongly threatening d5.} Kb7 {[%emt 0:00:30] [#]} 60. h4 $2 (60. d5 $1 $18 exd5+ 61. Kxd5) 60... Kc7 $1 $11 61. h5 {[%emt 0:00:27] And now h6 would win.} Kd6 62. h6 {[%emt 0:08:54] Threatens to win with h7.} Ra4+ $1 63. Kb3 Ra7 64. Rh3 Rh7 65. Kc4 Rc7+ 66. Kd3 {[%emt 0:00:24] h7 would kill now.} Rh7 67. Rh4 Kd5 68. Rh5 Kd6 69. Ke2 Kd5 70. Ke3 Kc4 71. Rh1 Kd5 72. Rh2 Kd6 73. Rh1 Kd5 74. Rh5 Kc4 75. Rh1 Kd5 76. Kd3 Kd6 77. Kc4 {[%emt 0:00:29][%cal Od4d5] d5! is the strong threat.} Rc7+ 78. Kd3 {[%emt 0:00:43] Intending h7 and mate.} Rh7 79. Kc4 1/2-1/2

[Event "Italian-ch Teams-B 2022"]
[Site "Montesilvano"]
[Date "2022.04.21"]
[Round "4.3"]
[White "Santagati, Alessandro"]
[Black "Tomba, Ivan"]
[Result "1/2-1/2"]
[ECO "D00"]
[WhiteElo "2301"]
[BlackElo "2291"]
[Annotator "TA"]
[PlyCount "85"]
[EventDate "2022.04.19"]
[EventType "team-tourn"]
[EventCountry "ITA"]
[SourceTitle "playchess.com"]
[Source "ChessBase"]
[SourceQuality "1"]
[TimeControl "40/5400+30:1800+30"]

1. d4 d5 2. Bf4 Nf6 3. e3 c5 4. dxc5 Nc6 5. Bb5 Bd7 6. Ne2 {[%emt 0:10:38] D00: 1 d4 d5: Unusual lines.} e6 $1 7. Bxc6 Bxc6 {[%emt 0:00:04] [#]} 8. Qd4 $146 ({Predecessor:} 8. b4 a5 9. c3 axb4 10. cxb4 b6 11. Nd4 Ba4 12. Qc1 bxc5 13. bxc5 Qa5+ 14. Nd2 {½-½ (52) Vlassow,V (2238)-Usov,A (2151) Bryansk 2021}) 8... a5 {[%emt 0:04:25][%mdl 1024] Black has compensation.} (8... Nd7 $5 ) 9. a3 (9. O-O $11) 9... Ne4 (9... Nd7 $1 $15) 10. b4 $11 f6 {[%emt 0:12:01] Strongly threatening ...e5.} 11. f3 e5 12. Bxe5 fxe5 13. Qxe5+ Qe7 14. Qxe7+ Bxe7 15. b5 Bxb5 {[%emt 0:00:12] [#] White must now prevent ...Bf6.} 16. fxe4 dxe4 17. Nd4 Ba6 {[%emt 0:01:37] A strong pair of Bishops.} 18. Nc3 Bg5 ({Black should try} 18... Bxc5 $11 19. Nxe4 Bb6) 19. Nxe4 (19. Ne6 $14 Bf6 20. Nc7+ Kd7 21. N7d5) 19... Bxe3 20. Nf5 O-O $1 21. Nxe3 {[%emt 0:04:23] [#] Hoping for Nd6.} Rae8 22. O-O-O {[%emt 0:00:42] Rd4 is the strong threat.} Rxe4 23. Rhe1 Rfe8 24. Kd2 R4e5 25. g4 Rd8+ 26. Kc1 Rde8 27. Kd2 g6 28. c4 Rxc5 29. Kd3 {[%emt 0:04:26] Inhibits Re4.} Rce5 30. Nc2 {[%emt 0:01:32] The position is equal.} Rxe1 31. Rxe1 {[%emt 0:00:12][%mdl 4096] Endgame KRB-KRN} Rc8 32. Re4 b5 33. cxb5 Bxb5+ 34. Kd2 Bc4 35. h4 Kf7 36. Re5 a4 37. Ra5 Bb3 38. Ra7+ Kf6 39. Nd4 h5 40. gxh5 gxh5 41. Ra5 Rd8 42. Kd3 Bd1 43. Rf5+ {[%emt 0:01:43] A balanced but interesting game.  Weighted Error Value: White=0.08 (flawless) /Black=0.10 (very precise)} 1/2-1/2

[Event "Italian-ch Teams-B 2022"]
[Site "Montesilvano"]
[Date "2022.04.21"]
[Round "4.3"]
[White "Lanzani, Mario"]
[Black "Bifulco, Michel"]
[Result "1/2-1/2"]
[ECO "A36"]
[WhiteElo "2266"]
[BlackElo "2274"]
[Annotator "TA"]
[PlyCount "56"]
[EventDate "2022.04.19"]
[EventType "team-tourn"]
[EventCountry "ITA"]
[SourceTitle "playchess.com"]
[Source "ChessBase"]
[SourceQuality "1"]
[TimeControl "40/5400+30:1800+30"]

1. c4 e5 2. e3 c5 3. Nc3 Nc6 4. g3 g6 5. Bg2 Bg7 6. Nge2 Nge7 7. O-O d6 8. Rb1 {[%emt 0:04:11] A36: Symmetrical English vs ...g6: 4 Bg2 Bg7.} Be6 9. Nd5 Rb8 10. Nec3 O-O 11. a3 a6 12. b4 b5 13. cxb5 axb5 14. d3 Nxd5 15. Nxd5 Ne7 16. Qb3 Kh8 17. Bb2 Qd7 {[%emt 0:06:35] [#]} 18. Rfc1 $146 ({Predecessor:} 18. Rbc1 Rfc8 19. Rfe1 Rc7 20. e4 Rbc8 21. Qd1 Bxd5 22. exd5 cxb4 23. axb4 Rxc1 24. Bxc1 {½-½ (44) Galego,L (2500)-Munoz Santana,J (2391) Khanty-Mansiysk 2010}) 18... Qb7 19. Nxe7 Bxb3 20. Bxb7 Rxb7 21. Nc6 {[%emt 0:01:24] [#] Hoping for Na5.} Rc7 22. Na5 Be6 (22... Ba4 $15) 23. bxc5 $11 {[%emt 0:06:10] The position is equal.} dxc5 {[%emt 0:01:09] And now ...Ra8 would win.} 24. Ba1 Rb8 25. Nc4 Bxc4 26. dxc4 b4 27. axb4 cxb4 28. c5 Rb5 {[%emt 0:02:26] Weighted Error Value: White=0.06 (flawless) /Black=0.11 (very precise)} 1/2-1/2

[Event "Italian-ch Teams-B 2022"]
[Site "Montesilvano"]
[Date "2022.04.21"]
[Round "4.4"]
[White "Mazzilli, Piero"]
[Black "Andreoni, Giuseppe"]
[Result "0-1"]
[ECO "C78"]
[WhiteElo "2296"]
[BlackElo "2158"]
[Annotator "TA"]
[PlyCount "85"]
[EventDate "2022.04.19"]
[EventType "team-tourn"]
[EventCountry "ITA"]
[SourceTitle "playchess.com"]
[Source "ChessBase"]
[SourceQuality "1"]
[TimeControl "40/5400+30:1800+30"]

1. e4 e5 2. Nf3 Nc6 3. Bb5 a6 4. Ba4 Nf6 5. O-O b5 6. Bb3 Bc5 7. a4 {[%emt 0:07:00] is now more promising than 7.c3.} Rb8 {[%emt 0:00:18] [#] C78: Ruy Lopez: Archangelsk and Möller Defences.} (7... Nxe4 $2 8. axb5 Nxf2 9. Qe2 $18 (9. Rxf2 Bxf2+ 10. Kxf2 Nd4 $16)) 8. Nxe5 $1 Nxe5 9. d4 Bxd4 $1 {[%emt 0:00:04] White has an edge.} 10. Qxd4 d6 11. f4 Nc6 12. Qc3 {[%emt 0:01:33] Black must now prevent e5.} Ne7 13. e5 {[%emt 0:06:45] [#]} dxe5 $146 (13... Ne4 $1 $11 14. Qe1 Nc5) ({Predecessor:} 13... Ne4 14. Qe1 Nc5 15. Ba2 Bf5 16. axb5 axb5 17. b4 Ne6 18. Bb2 O-O 19. Bxe6 Bxe6 20. Nd2 Bf5 21. Nf3 {½-½ (21) Riff,V (2394)-Kosten,A (2457) Lyon 2015}) 14. Bxf7+ Kxf7 $11 15. fxe5 {[%emt 0:00:14][%mdl 64] Pin} b4 16. Qe1 Qd4+ 17. Kh1 $2 {[%emt 0:01:37] [#]} (17. Rf2 $1 $11 {and White has nothing to worry.}) 17... Bb7 $2 (17... Re8 $1 $19 18. exf6 (18. c3 Qg4) 18... Nf5) 18. exf6 (18. Nd2 $1 $15) 18... gxf6 $17 19. Nd2 Rhg8 20. Nf3 {[%emt 0:00:05] [#]} Rxg2 $3 {[%emt 0:01:39][%cal Og2g1][%mdl 512] aiming for ...Rg1+! The board is on fire. Active counter play!} 21. Nxd4 Re2+ 22. Kg1 {[%emt 0:00:06] [#]} Rg8+ $1 ({Inferior is} 22... Rg2+ 23. Kh1 Re2+ 24. Kg1 Rg2+ 25. Kh1 $17) 23. Qg3 Rg2+ 24. Qxg2 Rxg2+ 25. Kh1 {[%emt 0:00:02] Hoping for Nf3.} Rg3+ 26. Nf3 Bxf3+ 27. Rxf3 Rxf3 {[%emt 0:00:04][%mdl 4096] Endgame KRB-KRN} 28. Kg2 {[%emt 0:00:40] Prevents Rf2+.} Rf5 29. Bd2 c5 30. Be3 Rd5 {[%emt 0:09:20] Against Rd1} 31. Rf1 Nf5 32. Kf3 (32. Bf4 $17) 32... Nd4+ 33. Ke4 Nxc2 {[%emt 0:03:25] Strongly threatening ...Re5+.} 34. Bf2 $2 (34. Bg1 {was the crucial defense.} Rh5 35. Kd3) 34... Ke6 $19 35. Rc1 b3 36. Kf3 c4 37. Rg1 (37. Rb1 $142) 37... Ra5 {[%emt 0:00:53][%cal Oc4c3] ...c3! is the strong threat.} 38. Rg7 Rxa4 {[%emt 0:00:56][%cal Oc4c3] Threatens to win with ...c3!} 39. Rxh7 c3 40. Rb7 Rb4 (40... cxb2 $142 41. Rxb3 Ra3 42. Rxa3 Nxa3) 41. Rxb4 Nxb4 42. Bd4 cxb2 43. Bxb2 {[%emt 0:00:30] Weighted Error Value: White=0.86/Black=0.44} 0-1